 Dungeon Crawl Stone Soup version 0.18-a0-1673-gaded821 (webtiles) character file.

52 Oddball22 the Insei (level 3, -1/20 HPs)
             Began as a Vine Stalker Monk on Apr 1, 2016.
             Slain by a worm (8 damage)
             ... on level 3 of the Dungeon.
             The game lasted 00:02:16 (1364 turns).

Oddball22 the Insei (Vine Stalker Monk)             Turns: 1364, Time: 00:02:17

Health: -1/20      AC:  4    Str: 13    XL:     3   Next: 85%
Magic:  0/4        EV: 13    Int: 10    God:
Gold:   114        SH:  0    Dex: 17    Spells: 0 memorised, 2 levels left

rFire  . . .     SeeInvis .       - Unarmed
rCold  . . .     Gourm    .     a - +0 robe
rNeg   . . .     Faith    .     (no shield)
rPois  .         Spirit   +     (no helmet)
rElec  .         Dismiss  .     (no cloak)
rCorr  .         Reflect  .     h - +0 pair of gloves
SustAt .         Harm     .     d - +0 pair of boots
MR     .....                    (no amulet)
Stlth  +.........               (no ring)
                                e - ring of loudness (curse)

@: not resistant to hostile enchantments, very unstealthy
A: fangs 2, regeneration 1, magic shield, antimagic bite, no device heal 3, rot
immunity
a: no special abilities


You were on level 3 of the Dungeon.
You were not hungry.

You visited 1 branch of the dungeon, and saw 3 of its levels.

You collected 114 gold pieces.

Inventory:

Armour
 a - a +0 robe (worn)
 d - a +0 pair of boots (worn)
 h - a +0 pair of gloves (worn)
Jewellery
 e - a cursed ring of loudness (left hand)
 k - an uncursed amulet of dismissal
Wands
 m - a wand of acid (6/15)
Scrolls
 c - 2 scrolls of magic mapping {unknown}
 f - a scroll of enchant weapon {unknown}
 i - a scroll of identify {unknown}
 j - a scroll of immolation {unknown}
 n - a scroll of teleportation {unknown}
Potions
 l - a potion of mutation {unknown}
Comestibles
 b - 4 bread rations
 g - 7 chunks of flesh


   Skills:
 + Level 3.1 Fighting
 + Level 2.7 Dodging
 - Level 2.4 Stealth
 * Level 4.8 Unarmed Combat


You had 2 spell levels left.
You didn't know any spells.

Dungeon Overview and Level Annotations

Branches:
Dungeon (3/15)

Altars:
Gozag
Okawaru
Qazlal
Xom


Innate Abilities, Weirdness & Mutations

You have extremely sharp teeth.
Your natural rate of healing is unusually fast.
When hurt, damage is shared between your health and your magic reserves.
Your bite disrupts and absorbs the magic of your enemies.
Potions and wands cannot restore your health.
You are immune to rotting.


Message History

You hit the worm.
The worm is heavily wounded.
The orc shouts!
The worm barely misses you.
You hit the worm but do no damage. You bite the worm, but do no damage.
The worm is heavily wounded.
The worm bites you.
You barely miss the worm. You bite the worm, but do no damage.
The worm is heavily wounded.
You hit the worm.
The worm is severely wounded.
The worm bites you!
You hit the worm but do no damage. Your bite misses the worm.
The worm is heavily wounded. 2 giant geckos come into view.
You hit the worm. You bite the worm. You drain its power.
You feel invigorated.
The worm is almost dead.
The giant gecko hisses menacingly.
The worm bites you!
You die...

.#.#.#<#..###≈.^(≈≈....
#.# #.#.#.#.#.#
#≈.≈..#≈.## #.#
#.#.#.#.§≈##^.^#≈§≈.#
#.#
#.#.#..^≈.^...≈.^..#
#.# #####...(.._.§....#
###### ##.^^≈...§§...#
#8..#. #≈#§.^..##≈§.#
#_.... #^.≈^§..#.#≈.#
#8..#. #^###...@≈#§.#
###### ##.§≈≈.≈≈w≈..#
#####....o...#
########.l. #


l8 l You could see a worm, an orc, 2 giant geckos and a giant newt (wandering).

Vanquished Creatures
  An ooze (D:1)
  A worm (D:2)
  3 dart slugs
  3 giant geckos
  2 giant cockroaches
  4 goblins
  5 hobgoblins
  4 jackals (D:2)
  2 bats
  2 giant newts (D:1)
  2 kobolds
  5 rats
34 creatures vanquished.

Notes
Turn   | Place    | Note
--------------------------------------------------------------
     0 | D:1      | Oddball22 the Vine Stalker Monk began the quest for the Orb.
     0 | D:1      | Reached XP level 1. HP: 11/11 MP: 2/2
   173 | D:1      | Reached XP level 2. HP: 9/16 MP: 3/3
   558 | D:1      | Reached XP level 3. HP: 20/20 MP: 4/4
   768 | D:2      | Found a shimmering altar of Xom.
  1107 | D:2      | You fall through a shaft!
  1108 | D:3      | Found an iron altar of Okawaru.
  1149 | D:3      | Found an opulent altar of Gozag.
  1268 | D:3      | Found an opulent altar of Gozag.
  1345 | D:3      | Found a stormy altar of Qazlal.
  1364 | D:3      | Slain by a worm

Vault maps used:
D:1:      lemuel_arrival_lava_pool
D:2:      marbit_many_paths, first_bread, minivault_4
D:3:      lemuel_doored_altar, grunt_qazlal_sundering, okawaru_metal_pillars_3,
          st_stairs_1, grunt_gozag_breadcrumbs, uniq_grinder

Skill      XL: |  1  2 |
---------------+-------+-----
Fighting       | 3 |  3.1
Dodging        | |  2.7
Stealth        | |  2.4
Unarmed Combat | |  4.8

Action                   || total
-------------------------++-------
Melee: Unarmed           ||   100
 Stab: Sleeping          ||     3
  Eat: Chunk             ||     1
